AoeStats
← I'm AOE2 Noob

Nomad

505228295Analyzed
4v4 RM · 24d ago on Sep 8, 2026· 39m 26s· 8 players
Game mode
Random Map
Map size
231×231
Population
200
Speed
Normal
Resources
Standard
Victory
Conquest
Starting age
Dark Age
Ending age
Imperial Age
RankedLock teamsTeams togetherTeam positionsShared explorationLock speedFull tech treeHidden civsTurbo modeCheats
Victory
Defeat
🇨🇳 Persians · China
1755
+9
🇨🇳 Wu · China
1704
+11
🇨🇳 Spanish · China
1609
+14
🇨🇳 Koreans · China
1556
+16
🇦🇷 Dravidians · Argentina
1626
-14
1604
-14
🇨🇳 Koreans · China
1542
-11
🇨🇳 Mongols · China
1541
-11
G5
5:36 Loom
13:22 Feudal Age
14:21 Double-Bit Axe
16:54 Castle Age
17:52 Medium Warships
18:57 Bow Saw
21:53 Town Watch
22:37 Fishing Lines
22:59 Horse Collar
26:30 Fletching
27:11 Elite Skirmisher
27:29 Crossbowman
29:16 Ballistics
28:59 Bodkin Arrow
30:06 Elite Skirmisher
30:58 Guard Tower
快乐大唐果
11:55 Loom
15:06 Feudal Age
16:25 Double-Bit Axe
20:08 Castle Age
19:22 Horse Collar
21:25 Wheelbarrow
21:22 Bow Saw
21:14 Fletching
22:01 Town Watch
23:08 Bodkin Arrow
31:55 Stone Mining
32:01 Gold Mining
33:18 Hand Cart
38:58 Imperial Age
QNA | Apachai Hopachai
5:26 Loom
12:42 Feudal Age
16:37 Castle Age
14:30 Double-Bit Axe
15:17 Fishing Lines
17:44 Bow Saw
17:44 Gillnets
23:10 Wheelbarrow
22:21 Town Watch
25:47 Medium Warships
26:44 Medium Warships
28:20 Horse Collar
29:23 Hand Cart
30:48 Clinker Construction
30:51 Careening
31:18 Heavy Plow
32:11 Demolition Ship
35:30 Imperial Age
32:57 Guard Tower
32:59 Fletching
36:21 Scale Mail Armor
36:32 Forging
36:26 Capped Ram
36:38 Pikeman
37:18 Squires
37:04 Arson
37:36 Chain Mail Armor
37:54 Chain Mail Armor
38:46 Keep
38:32 Ballistics
39:12 Chemistry
38:48 Iron Casting
38:18 Yasama
38:39 Conscription
37:51 Halberdier
38:48 Elite Skirmisher
胆小的菜鸟
5:19 Loom
12:36 Feudal Age
13:26 Double-Bit Axe
19:31 Castle Age
18:04 Gold Mining
18:07 Fletching
19:13 Horse Collar
20:40 Bow Saw
31:17 Imperial Age
29:15 Bodkin Arrow
30:10 Ballistics
30:06 Padded Archer Armor
32:07 Bracer
慕华花繁
8:34 Loom
14:44 Feudal Age
16:34 Double-Bit Axe
16:53 Fishing Lines
19:15 Castle Age
20:30 Medium Warships
20:53 Bow Saw
20:34 Gold Mining
20:34 Stone Mining
20:42 Fletching
21:47 Bodkin Arrow
23:34 Gillnets
24:00 Horse Collar
25:55 Gold Shaft Mining
25:55 Stone Shaft Mining
26:17 Padded Archer Armor
28:29 Wheelbarrow
28:45 Red Cliffs Tactics
28:50 Town Watch
30:27 Heavy Plow
34:01 Imperial Age
32:52 Leather Archer Armor
34:14 Stone Shaft Mining
34:22 Masonry
34:43 Bracer
35:07 Ballistics
36:31 Chemistry
37:55 Two-Man Saw
37:39 Hand Cart
37:56 Elite Fire Archer
38:57 Conscription
40:28 Architecture
39:39 Treadmill Crane
I'm AOE2 Noob
12:36 Loom
14:24 Feudal Age
14:23 Loom
18:28 Castle Age
18:38 Double-Bit Axe
26:38 Horse Collar
27:00 Town Watch
30:44 Padded Archer Armor
哲别
10:26 Loom
10:49 Loom
13:21 Feudal Age
12:49 Loom
13:53 Double-Bit Axe
13:49 Fishing Lines
17:38 Castle Age
16:22 Gold Mining
18:22 Medium Warships
18:32 Bow Saw
20:10 Wheelbarrow
21:11 Horse Collar
22:29 Gillnets
24:10 Loom
25:42 Hand Cart
27:07 Gold Shaft Mining
28:47 Scale Barding Armor
28:52 Forging
31:41 Imperial Age
29:50 Chain Barding Armor
30:03 Clinker Construction
30:04 Careening
31:07 Bloodlines
30:58 Husbandry
31:50 Iron Casting
31:31 Clinker Construction
31:28 Stone Mining
31:24 Cavalier
32:40 Plate Barding Armor
32:32 Dry Dock
32:43 Heavy Warships
33:33 Two-Man Saw
34:18 Blast Furnace
34:20 Chemistry
33:28 Siphons
33:44 Carvel Hull
33:35 Masonry
33:50 Savar
36:40 Conscription
36:56 Hoardings
进化论
4:27 Loom
13:48 Feudal Age
18:27 Castle Age
16:50 Town Watch
17:45 Stone Mining
18:02 Fletching
21:23 Double-Bit Axe
23:31 Horse Collar
28:37 Bow Saw
31:05 Wheelbarrow
34:09 Imperial Age
32:13 Bodkin Arrow
32:28 Heavy Plow
33:45 Ballistics
34:02 Gold Mining
35:13 Hand Cart
35:00 Bracer
36:04 Chemistry
35:09 Siege Engineers
34:32 Crossbowman
35:29 Arbalester
36:38 Thumb Ring
38:44 Conscription
39:02 Siege Engineers
Connection lost

Rejoining the realm…

Still unreachable

The connection could not be restored.

Session expired

The server has moved on; the page needs a fresh start.